 Dungeon Crawl Stone Soup version 0.30-a0-937-ga0a21ad780 (webtiles) character file.

Game seed: 1913894569522966600

182 jimonade the Chopper (level 5, -4/47 HPs)
             Began as a Hill Orc Fighter on Mar 25, 2023.
             Was a Follower of Beogh.
             Slain by Duvessa
             ... wielding a +1 short sword of venom
              (7 damage)
             ... on level 4 of the Dungeon.
             The game lasted 00:04:13 (2882 turns).

jimonade the Chopper (Hill Orc Fighter)             Turns: 2882, Time: 00:04:14

Health: -4/47      AC:  7    Str: 19    XL:     5   Next: 61%
Magic:  6/6        EV:  9    Int: 10    God:    Beogh [*.....]
Gold:   273        SH:  4    Dex: 10    Spells: 4/4 levels left

rFire   . . .      SeeInvis .    a - +0 war axe
rCold   . . .      Faith    .    c - +0 buckler
rNeg    . . .      Spirit   .    b - +0 scale mail
rPois   +          Reflect  .    (no helmet)
rElec   .          Rampage  .    (no cloak)
rCorr   .                        (no gloves)
Will    .....                    (no boots) Stlth
                                 (no amulet)
HPRegen 0.27/turn                f - ring of poison resistance
MPRegen 0.10/turn                (no ring)

@: no status effects
A: no striking features
a: Renounce Religion


You were on level 4 of the Dungeon.
You worshipped Beogh.
Beogh was aware of your devotion.
You visited 1 branch of the dungeon, and saw 4 of its levels.

You collected 273 gold pieces.

Inventory:

Hand Weapons
 a - a +0 war axe (weapon)
 n - a +0 mace
 o - a +0 spear
 q - a +0 flail
 t - a +0 trident
 v - a +0 hand axe
 C - a +0 spear of venom
Missiles
 e - 6 poisoned darts (quivered)
 r - 6 atropa-tipped darts
Armour
 b - a +0 scale mail (worn)
 c - a +0 buckler (worn)
Jewellery
 f - a ring of poison resistance (left hand)
 h - an amulet of guardian spirit
Scrolls
 g - 2 scrolls of identify
 l - a scroll of amnesia {unknown}
 m - 2 scrolls of teleportation {unknown}
 p - a scroll of fear {unknown}
 u - a scroll of enchant weapon {unknown}
 w - a scroll of fog {unknown}
 x - 2 scrolls of magic mapping {unknown}
 y - a scroll of poison {unknown}
 B - a scroll of blinking {unknown}
Potions
 d - a potion of might
 i - a potion of magic {unknown}
 j - 2 potions of curing
 k - a potion of degeneration {unknown}
 s - a potion of heal wounds {unknown}
 z - a potion of haste
 A - a potion of cancellation {unknown}


   Skills:
 + Level 4.4 Fighting
 + Level 4.9 Axes
 + Level 4.1 Armour
 + Level 3.9 Shields
 * Level 2.5 Invocations


You had 4 spell levels left.
You didn't know any spells.
Your spell library was empty.

Dungeon Overview and Level Annotations

Branches:
Dungeon (4/15)
 Temple: D:4-7

Altars:
Cheibriados
Sif Muna

Shops:
D:2 :

Annotations:
D:3 1 runed translucent door, Crazy Yiuf
D:4 Dowan, Duvessa


Message History

Duvessa hits you with a +1 short sword of venom.
You are lethally poisoned!
Duvessa completely misses you.
As you read the scroll labelled KUEC XICODU, it crumbles to dust.
It is a scroll of identify.
j - 3 potions of curing You feel extremely sick.
Duvessa misses you.
Duvessa says, "Where magic fails, the sword succeeds!"
Duvessa hits you with a +1 short sword of venom.
* * * LOW HITPOINT WARNING * * *
You feel better. You block Duvessa's attack.
You hit Duvessa but do no damage.
Duvessa is moderately wounded.
Duvessa hits you but does no damage. Duvessa barely misses you.
You hit Duvessa but do no damage.
Duvessa is moderately wounded.
Duvessa completely misses you.
Duvessa hits you with a +1 short sword of venom!
* * * LOW HITPOINT WARNING * * *
You closely miss Duvessa.
Duvessa is moderately wounded.
Duvessa barely misses you.
Duvessa hits you with a +1 short sword of venom!
* * * LOW HITPOINT WARNING * * *
You hit Duvessa but do no damage.
Duvessa is moderately wounded.
Duvessa hits you with a +1 short sword of venom.
* * * LOW HITPOINT WARNING * * *
Duvessa barely misses you.
You closely miss Duvessa.
Duvessa is moderately wounded.
Duvessa hits you but does no damage.
Dowan mumbles some strange words.
Dowan blinks!
Duvessa hits you but does no damage.
You hit Duvessa.
Duvessa is heavily wounded.
Duvessa barely misses you.
Duvessa hits you with a +1 short sword of venom!
You die...

..##
######.#
...# #.#
...#
#.#####
...#
#.....#
...#
#####.#
...##
#.#
....#
#.#
#...#
#.#####
#...#
#.@e..#
#.†.#
#####e#
#...#
#...#
#...#
#...#
#...#
#...#
.†..#


You could see Duvessa (fast) and Dowan.

Vanquished Creatures
  An orc wizard (D:3)
  4 gnolls
  2 adders
  3 worms
  7 dart slugs
  6 orcs (D:3)
  4 ball pythons
  3 endoplasms
  4 giant cockroaches
  10 hobgoblins
  7 kobolds
  A quokka (D:1)
  4 bats
  A frilled lizard (D:2)
  7 goblins
  3 rats
67 creatures vanquished.

Notes
Turn   | Place    | Note
-------+----------+-------------------------------------------
     0 | D:1      | jimonade the Hill Orc Fighter began the quest for the Orb.
     0 | D:1      | Reached XP level 1. HP: 19/19 MP: 1/1
    50 | D:1      | Found a faded altar of an unknown god.
    95 | D:1      | Reached XP level 2. HP: 27/27 MP: 2/2
   173 | D:1      | Reached skill level 1 in Invocations
   286 | D:1      | Reached XP level 3. HP: 31/33 MP: 4/4
   898 | D:2      | Found Yson's Book Boutique.
  1323 | D:2      | Reached XP level 4. HP: 24/40 MP: 5/5
  1635 | D:3      | Became a worshipper of Beogh the Brigand
  1858 | D:3      | Reached XP level 5. HP: 46/46 MP: 6/6
  1940 | D:3      | Found a snail-covered altar of Cheibriados.
  2136 | D:3      | Found a shimmering blue altar of Sif Muna.
  2582 | D:3      | Reached * piety under Beogh
  2596 | D:3      | Found a runed translucent door.
  2597 | D:3      | Noticed Crazy Yiuf
  2868 | D:4      | Noticed Duvessa
  2869 | D:4      | Noticed Dowan
  2880 | D:4      | HP: 2/47 [Duvessa/+1 short sword of venom (2)]
  2882 | D:4      | Slain by Duvessa

Illustrated notes

Levels and vault maps discovered:
D:1:      dpeg_arrival_rhombi, layout_rooms, basic_ecumenical_altar,
          minmay_bisected
D:2:      layout_loops_ring, serial_shops, nicolae_shop_advertising_works
          [nicolae_subvault_shop_adworks]
D:3:      layout_loops_ring, cheibrodos_worm_habitat, led_sif_pool,
          minivault_23, uniq_crazy_yiuf_cottage
D:4:      kennysheep_spiral_hall, layout_basic, vehumet_crystals, tgw_xom,
          temple_statues, uniq_duvessa

Skill      XL: |  1  2  3  4  5 |
---------------+----------------+-----
Axes           | 3 4 |  4.9
Fighting       | 4 |  4.4
Invocations    | 1 2 |  2.5
Armour         | 4 |  4.1
Shields        | |  3.9

Action                     |  1- 3 |  4- 6 || total
---------------------------+-------+-------++-------
  Melee: War axe           |   105 |   115 ||   220
 Invoke: Convert to Beogh  |       |     1 ||     1
    Use: Scroll            |       |     1 ||     1
         Potion            |       |     1 ||     1
 Armour: Scale mail        |    55 |    33 ||    88
  Dodge: Dodged            |    35 |    46 ||    81
  Block: Buckler           |    25 |    19 ||    44

Table legend: (Time is in decaauts)
 A = Elapsed time spent in this place.
 B = Non-inter-level travel time spent in this place.
 C = Inter-level travel time spent in this place.
 D = Time resting spent in this place.
 E = Time spent auto-exploring this place.
 F = Levels seen in this place.
 G = Mean time per level.
                   A        B        C        D        E       F      G
               +--------+--------+--------+--------+--------+-----+--------+
         Total |   2970 |   2848 |    122 |     67 |   2124 |   4 |  742.5 |
       Dungeon |   2970 |   2848 |    122 |     67 |   2124 |   4 |  742.5 |
               +--------+--------+--------+--------+--------+-----+--------+

Top non-repeatable levels by time:
     D:3: 1022 daAuts
     D:2: 957 daAuts
     D:1: 790 daAuts
     D:4: 199 daAuts
